[Event "Titled Tuesday Blitz January 17 Late 2023"]
[White "Desideri, Ricardo Maruchi"]
[Black "Ladan, Nicholas"]
[WhiteFideId "2110440"]
[BlackFideId "30918855"]
[WhiteElo "1959"]
[BlackElo "2228"]
[Result "0-1"]
[Round "03"]
[TimeControl "180+2"]
[Date "2023.01.17"]
[WhiteClock "0:00:06"]
[BlackClock "0:01:07"]

1. e4 e5 2. f4 exf4 3. Bc4 Qh4+ 4. Kf1 Qd8 5. d4 Nf6 6. e5 d5 7. Bd3 Ne4 8. Bxf4 c5 9. c3 Nc6 10. Bxe4 dxe4 11. d5 Ne7 12. c4 Ng6 13. Bg3 Be7 14. Nc3 Bh4 15. Qe1 Qg5 16. Nxe4 Qf5+ 17. Nf3 Bxg3 18. Nxg3 Qf4 19. Qe4 O-O 20. Kf2 Re8 21. Rhe1 Qxe4 22. Rxe4 b5 23. b3 f6 24. e6 Bb7 25. Rd1 Rad8 26. Nf5 Ne7 27. g4 Nc8 28. cxb5 g6 29. e7 Rd7 30. Ne3 Rexe7 31. Rxe7 Rxe7 32. d6 Rd7 0-1


[Site "https://www.chess.com"]

[Event "Titled Tuesday Blitz January 17 Late 2023"]
[White "Yurovskykh, Oleksandr"]
[Black "Gatterer, Florian"]
[WhiteFideId "14134020"]
[BlackFideId "811688"]
[WhiteElo "2328"]
[BlackElo "2170"]
[Result "1/2-1/2"]
[Round "03"]
[TimeControl "180+2"]
[Date "2023.01.17"]
[WhiteClock "0:01:25"]
[BlackClock "0:01:28"]

1. g3 d5 2. Bg2 c6 3. d3 e5 4. Nf3 Bd6 5. O-O Nf6 6. c4 O-O 7. Nc3 d4 8. Nb1 Bg4 9. h3 Bh5 10. a3 a5 11. Bg5 Nbd7 12. Nbd2 h6 13. Bxf6 Nxf6 14. Qc2 Re8 15. Rfe1 Bg6 16. Nh4 Bh7 17. Ne4 g5 18. Nf3 Nxe4 19. dxe4 c5 20. b3 Qd7 21. Nd2 Rf8 22. g4 Bg6 23. Nf1 b6 24. Ng3 Rfe8 25. Nf5 Bxf5 26. exf5 e4 27. Bxe4 Rad8 28. Bd5 Qe7 1/2-1/2


[Site "https://www.chess.com"]

[Event "Titled Tuesday Blitz January 17 Late 2023"]
[White "Ozdemir, Serhan Berat"]
[Black "Ovezdurdyyeva, Jemal"]
[WhiteFideId "6374611"]
[BlackFideId "14001888"]
[WhiteElo "2223"]
[BlackElo "2078"]
[Result "1-0"]
[Round "03"]
[TimeControl "180+2"]
[Date "2023.01.17"]
[WhiteClock "0:00:06"]
[BlackClock "0:00:09"]

1. e4 d6 2. d4 Nf6 3. Nc3 g6 4. Nf3 Bg7 5. Be3 c6 6. Qd2 h5 7. Bd3 Nbd7 8. O-O e5 9. h3 O-O 10. a4 Re8 11. Rfe1 Nf8 12. Bc4 Qc7 13. Bh6 Be6 14. Bxg7 Kxg7 15. Bf1 Rad8 16. d5 Bc8 17. b4 N6h7 18. a5 f5 19. exf5 Bxf5 20. a6 b6 21. dxc6 d5 22. Nxd5 Qxc6 23. c4 Nf6 24. Nxe5 Qd6 25. Qb2 Nxd5 26. cxd5 Kg8 27. Rad1 Qf6 28. Bb5 Re7 29. f4 Rd6 30. Bc6 Bd7 31. Bxd7 Nxd7 32. Qd4 Nf8 33. Qf2 Re8 34. Nc4 Rxe1+ 35. Qxe1 Rd8 36. Qe5 Kg7 37. d6 Qxe5 38. fxe5 Kf7 39. Rf1+ Ke6 40. b5 Kd5 41. Ne3+ Kxe5 42. d7 Nxd7 43. Rf7 Ke6 44. Rg7 Kf6 45. Rh7 Re8 46. Rxd7 Rxe3 47. Rxa7 Rb3 48. Rb7 Rxb5 49. a7 Ra5 50. Rxb6+ Kf5 51. Rb7 Kf4 52. Kh2 Kg5 53. Rf7 h4 54. Kg1 Ra2 55. Kf1 Kh5 56. Ke1 Kg5 57. Kd1 Ra6 58. Kc2 Ra2+ 59. Kb3 Ra6 60. Kc4 Kh5 61. Kb5 Ra2 62. Kb6 g5 63. Kb7 g4 64. a8=Q Rxa8 65. Kxa8 gxh3 66. gxh3 Kg5 67. Rf3 Kg6 68. Kb7 Kg5 69. Kc6 1-0


[Site "https://www.chess.com"]

[Event "Titled Tuesday Blitz January 17 Late 2023"]
[White "Mazurkiewicz, Michal"]
[Black "Ozates, Tuna"]
[WhiteFideId "1124943"]
[BlackFideId "6354521"]
[WhiteElo "2145"]
[BlackElo "2251"]
[Result "0-1"]
[Round "03"]
[TimeControl "180+2"]
[Date "2023.01.17"]
[WhiteClock "0:00:03"]
[BlackClock "0:00:05"]

1. e4 c5 2. Nf3 Nc6 3. d3 g6 4. g3 Bg7 5. Bg2 d6 6. O-O e5 7. Nc3 Nge7 8. Nd2 O-O 9. Nc4 h6 10. a4 Be6 11. Nd5 Rb8 12. c3 f5 13. f4 Qd7 14. a5 fxe4 15. dxe4 Bg4 16. Qa4 Qe6 17. Nce3 Be2 18. Rf2 Ba6 19. f5 gxf5 20. exf5 Nxf5 21. Qg4 h5 22. Qh3 Bd3 23. Nf4 exf4 24. Bd5 Qxd5 25. Nxd5 fxg3 26. hxg3 Rbe8 27. Bf4 Ne5 28. Bxe5 Rxe5 29. Nf4 Re3 30. Nxd3 Rxg3+ 31. Qxg3 Nxg3 32. Rxf8+ Bxf8 33. Kf2 Nf5 34. Kf3 Bh6 35. Ke4 Ne7 36. Rh1 d5+ 37. Ke5 Kf7 38. Kd6 c4 39. Ne5+ Kf6 40. Rf1+ Nf5+ 41. Kxd5 Kg5 42. Nf7+ Kg6 43. Nxh6 Ne3+ 44. Ke4 Nxf1 45. Nf5 Kg5 46. Nd6 Kg4 47. Nxc4 h4 48. Ne5+ Kg3 49. Nf3 h3 50. c4 Nh2 51. Nxh2 Kxh2 52. c5 Kg3 53. a6 bxa6 54. c6 h2 55. c7 h1=Q+ 56. Ke5 Qc6 0-1


[Site "https://www.chess.com"]

[Event "Titled Tuesday Blitz January 17 Late 2023"]
[White "Danielyan, Vahe"]
[Black "Jorajuria Mendoza, Algol"]
[WhiteFideId "13304828"]
[BlackFideId "5128897"]
[WhiteElo "2346"]
[BlackElo "2069"]
[Result "0-1"]
[Round "03"]
[TimeControl "180+2"]
[Date "2023.01.17"]
[WhiteClock "0:00:03"]
[BlackClock "0:00:15"]

1. e4 g6 2. d4 Bg7 3. Nc3 d6 4. Be3 Nd7 5. Qd2 a6 6. h4 h6 7. h5 g5 8. Nge2 b5 9. Ng3 e6 10. a4 b4 11. Na2 a5 12. Be2 Ngf6 13. Nc1 Bb7 14. f3 c5 15. dxc5 dxc5 16. Nb3 Qc7 17. Bf2 O-O 18. O-O Rfd8 19. Rad1 c4 20. Nd4 Nc5 21. Qe3 Nxa4 22. Rfe1 Nxb2 23. Rb1 c3 24. Nb5 Qf4 25. Qb6 Qb8 26. Nf1 Ra6 27. Qe3 Qf4 28. Qc5 Nd7 29. Qe7 Bf6 30. g3 Qb8 31. Qxd8+ Qxd8 32. Ne3 Ne5 33. f4 gxf4 34. gxf4 Nc6 35. Ng4 Bh4 36. e5 Bxf2+ 37. Kxf2 Qh4+ 38. Kg1 Qg3+ 39. Kf1 Nxe5 40. Nf6+ Kh8 0-1


[Site "https://www.chess.com"]

[Event "Titled Tuesday Blitz January 17 Late 2023"]
[White "Saya, Ethan"]
[Black "Slovineanu, Viacheslav"]
[WhiteFideId "26095181"]
[BlackFideId "13900510"]
[WhiteElo "2181"]
[BlackElo "2412"]
[Result "1/2-1/2"]
[Round "03"]
[TimeControl "180+2"]
[Date "2023.01.17"]
[WhiteClock "0:00:33"]
[BlackClock "0:00:17"]

1. e4 c6 2. d4 d5 3. Nd2 dxe4 4. Nxe4 Nf6 5. Nxf6+ exf6 6. c3 Bd6 7. Bd3 Na6 8. Ne2 Nc7 9. Bf4 h5 10. Bxd6 Qxd6 11. Qd2 Be6 12. Qf4 Qxf4 13. Nxf4 g5 14. Nxe6 fxe6 15. O-O Kf7 16. Rfe1 Rhe8 17. Bc4 b5 18. Bb3 Nd5 19. a4 a6 20. Kf1 Re7 21. axb5 cxb5 22. Bc2 a5 23. Bd3 Rb7 24. Be4 a4 25. b3 Rc8 26. Bxd5 exd5 27. bxa4 bxa4 28. Rxa4 Rxc3 29. Ra5 Rc2 30. Rxd5 Rbb2 31. Rf5 Kg6 32. Rf3 Rd2 33. g3 Rb6 34. Re4 Rd6 35. Kg2 R2xd4 36. Rxd4 Rxd4 37. Ra3 Rd2 38. Ra8 Rb2 39. Ra4 Rc2 40. h4 g4 41. Ra8 Rc5 42. Rg8+ Kf7 43. Rh8 Kg7 44. Rb8 Kf7 45. Rb4 Kg7 46. Kf1 Kf7 47. Ke2 Kg6 48. Rd4 Re5+ 49. Kd3 Rf5 50. Ke3 Rf3+ 51. Ke2 Rb3 52. Rd3 Rb5 53. Rd4 Rb3 54. Re4 Ra3 55. Re3 Ra2+ 56. Ke1 Kf5 57. Rb3 Rc2 58. Kf1 Ra2 59. Rb5+ Kg6 60. Rc5 Rb2 61. Kg2 Ra2 62. Rb5 Rc2 63. Rb8 Ra2 64. Rg8+ Kf7 65. Rd8 Kg6 66. Rd1 Rb2 67. Kf1 Ra2 68. Ke1 Rb2 69. Rd2 Rb3 70. Ke2 Ra3 71. Rd3 Ra4 72. Ke3 Ra5 73. Rd4 Ra3+ 74. Rd3 Ra4 75. Rd5 Ra3+ 76. Ke2 Ra2+ 77. Rd2 Ra3 78. Rb2 Ra4 79. Rb3 Ra2+ 80. Kf1 Rc2 81. Ke1 Ra2 82. Re3 Rb2 83. Re2 Rb1+ 84. Kd2 Rb3 85. Re8 Ra3 86. Ke2 Ra2+ 87. Kf1 Ra1+ 88. Re1 Ra2 89. Re2 Ra1+ 90. Kg2 Ra3 1/2-1/2


[Site "https://www.chess.com"]

[Event "Titled Tuesday Blitz January 17 Late 2023"]
[White "Mareco, Sandro"]
[Black "Zampronha, Wladimir Camilo"]
[WhiteFideId "112275"]
[BlackFideId "2103087"]
[WhiteElo "2633"]
[BlackElo "2176"]
[Result "1-0"]
[Round "03"]
[TimeControl "180+2"]
[Date "2023.01.17"]
[WhiteClock "0:00:17"]
[BlackClock "0:00:10"]

1. d4 Nf6 2. Nc3 d5 3. Bf4 a6 4. e3 Bf5 5. f3 e6 6. g4 Bg6 7. h4 h5 8. g5 Ng8 9. Bd3 Bd6 10. Bxg6 fxg6 11. Nh3 Ne7 12. Qd3 O-O 13. O-O-O b5 14. Ne2 Nd7 15. Bxd6 cxd6 16. Nhf4 Qa5 17. Kb1 Rxf4 18. Nxf4 Nf8 19. e4 dxe4 20. fxe4 Rc8 21. d5 e5 22. Ne6 Nd7 23. Rhf1 Nc5 24. Qf3 Nxe6 25. Qf7+ Kh7 26. dxe6 Qc7 27. Rd2 b4 28. Qf3 a5 29. Qd3 Rd8 30. Rf7 a4 31. Qf3 b3 32. Qf6 bxa2+ 33. Ka1 Rg8 34. Qxe7 Qc4 35. Rf8 a3 36. Rxd6 axb2+ 37. Kxb2 Qb4+ 38. Kxa2 Qa4+ 39. Kb2 Qb4+ 40. Kc1 Qe1+ 41. Rd1 Qe3+ 42. Kb2 Qb6+ 43. Kc3 Qe3+ 44. Rd3 Qe1+ 45. Kc4 Rxf8 46. Qxf8 Qa5 47. Qc5 Qa4+ 48. Kc3 Qa1+ 49. Kd2 Qa5+ 50. Qxa5 1-0


[Site "https://www.chess.com"]

[Event "Titled Tuesday Blitz January 17 Late 2023"]
[White "AidenRchess"]
[Black "Gardezi, Arsal"]
[BlackFideId "30949521"]
[WhiteElo "2443"]
[BlackElo "2093"]
[Result "1-0"]
[Round "03"]
[TimeControl "180+2"]
[Date "2023.01.17"]
[WhiteClock "0:02:15"]
[BlackClock "0:01:00"]

1. e4 e5 2. Nf3 Nc6 3. Bb5 a6 4. Ba4 Nf6 5. O-O Be7 6. Re1 b5 7. Bb3 O-O 8. a4 b4 9. d4 d6 10. dxe5 dxe5 11. Nbd2 Bc5 12. Qe2 Qe7 13. Bd5 Bb7 14. Nc4 Nd4 15. Nxd4 Nxd5 16. Nf5 Qf6 17. Qg4 Ne7 18. Bg5 Qg6 19. Nxe5 Qe6 20. Bxe7 g6 21. Bxc5 1-0


[Site "https://www.chess.com"]

[Event "Titled Tuesday Blitz January 17 Late 2023"]
[White "Vargas, Mauricio"]
[Black "Mosquera, Miguel"]
[WhiteFideId "4404572"]
[BlackFideId "4401131"]
[WhiteElo "2035"]
[BlackElo "2371"]
[Result "0-1"]
[Round "03"]
[TimeControl "180+2"]
[Date "2023.01.17"]
[WhiteClock "0:00:02"]
[BlackClock "0:00:48"]

1. e4 c5 2. Nf3 d6 3. d4 cxd4 4. Nxd4 Nf6 5. Nc3 a6 6. f3 b5 7. Be3 e6 8. Qd2 Bb7 9. g4 Nbd7 10. Bg2 Rc8 11. O-O Ne5 12. b3 Be7 13. h3 O-O 14. f4 Nc6 15. g5 Nd7 16. Nd1 d5 17. e5 Bc5 18. c3 Qb6 19. Nf2 b4 20. Ng4 bxc3 21. Qf2 Bxd4 22. Nf6+ Nxf6 23. Bxd4 Qxd4 24. gxf6 gxf6 0-1


[Site "https://www.chess.com"]

[Event "Titled Tuesday Blitz January 17 Late 2023"]
[White "Javakhadze, Zurab"]
[Black "Guevara Sanchez, Erick Marvin"]
[WhiteFideId "13603647"]
[BlackFideId "6700136"]
[WhiteElo "2459"]
[BlackElo "2073"]
[Result "1-0"]
[Round "03"]
[TimeControl "180+2"]
[Date "2023.01.17"]
[WhiteClock "0:01:28"]
[BlackClock "0:01:08"]

1. d4 d5 2. c4 e6 3. Nc3 c5 4. cxd5 exd5 5. Nf3 Nf6 6. Bg5 Be7 7. dxc5 O-O 8. e3 Nc6 9. Be2 Be6 10. Rc1 Bxc5 11. O-O Bd6 12. Nd4 Rc8 13. Bf3 Ne5 14. Bxd5 Neg4 15. Nxe6 fxe6 16. Bxe6+ Kh8 17. Bxg4 Qa5 18. Bxf6 1-0


[Site "https://www.chess.com"]

[Event "Titled Tuesday Blitz January 17 Late 2023"]
[White "Grigorov, Grigor"]
[Black "Rios Escobar, Adan"]
[WhiteFideId "2907313"]
[BlackFideId "3403645"]
[WhiteElo "2510"]
[BlackElo "2234"]
[Result "1-0"]
[Round "03"]
[TimeControl "180+2"]
[Date "2023.01.17"]
[WhiteClock "0:01:01"]
[BlackClock "0:00:04"]

1. d4 Nf6 2. Nf3 g6 3. Bg5 Bg7 4. Nbd2 d5 5. e3 h6 6. Bh4 c6 7. Be2 O-O 8. O-O Nbd7 9. c4 g5 10. Bg3 Nh5 11. cxd5 Nxg3 12. hxg3 cxd5 13. Rc1 Nf6 14. Qb3 a6 15. Ne5 b5 16. a4 bxa4 17. Qxa4 Ne4 18. Nxe4 dxe4 19. Nc6 Qd6 20. Rc5 Bd7 21. Rfc1 Rfc8 22. Bxa6 e5 23. d5 Bf8 24. b4 Bxc6 25. Rxc6 Rxc6 26. dxc6 Qc7 27. Qa5 Qxa5 28. bxa5 Bd6 29. Bb7 Rxa5 30. c7 Bxc7 31. Rxc7 Ra7 32. Rc8+ Kg7 33. Bxe4 Rd7 34. g4 Rd1+ 35. Kh2 Rd7 36. Re8 f6 37. Kg3 Rc7 38. Rb8 Rc1 39. Rb7+ Kg8 40. Kf3 Rh1 41. Bd5+ Kh8 42. Rf7 h5 43. gxh5 e4+ 44. Bxe4 Rh4 45. g4 f5 46. Bxf5 Rh3+ 47. Ke4 Rh4 48. Rf6 Kg7 49. Rg6+ Kf7 50. Rxg5 Rh1 51. f4 Ra1 52. Rg6 Ra4+ 53. Kf3 Ra3 54. h6 Ra1 55. g5 Rh1 56. Rg7+ Kf8 57. Ra7 Rh2 58. h7 Rh1 59. Ra8+ Kf7 60. h8=Q Rh3+ 61. Qxh3 Ke7 62. Qh7+ Kd6 63. Ra6+ Kc5 64. Qc7+ Kb4 65. Rb6+ Ka3 66. Qa7# 1-0


[Site "https://www.chess.com"]

[Event "Titled Tuesday Blitz January 17 Late 2023"]
[White "Almagro Mazariegos, Sebastian"]
[Black "Mirzoev, Azer"]
[WhiteFideId "2221640"]
[BlackFideId "13400304"]
[WhiteElo "2280"]
[BlackElo "2416"]
[Result "0-1"]
[Round "03"]
[TimeControl "180+2"]
[Date "2023.01.17"]
[WhiteClock "0:00:01"]
[BlackClock "0:00:16"]

1. d4 Nf6 2. Nf3 b5 3. e3 a6 4. c4 bxc4 5. Bxc4 e6 6. O-O Bb7 7. Nc3 d5 8. Bb3 c5 9. Ba4+ Nbd7 10. Ne5 Bd6 11. e4 cxd4 12. Nxd7 Nxd7 13. Qxd4 e5 14. Qd1 d4 15. Nd5 Bxd5 16. exd5 O-O 17. Bc6 Rb8 18. f4 Nc5 19. b3 d3 20. fxe5 Bxe5 21. Ba3 Qa5 22. Qc1 Bd4+ 23. Kh1 d2 24. Qc4 Bxa1 25. Bxc5 Qxa2 26. Bxf8 Rxf8 27. d6 Bf6 28. Bd5 h5 29. Rd1 Qb2 30. Qd3 Bg5 31. Qg6 Qf6 32. Qd3 g6 33. Bc4 a5 34. d7 Rd8 35. g3 Qe7 36. Kg2 Kg7 37. Qc3+ Kh7 38. Bb5 f5 0-1


[Site "https://www.chess.com"]

[Event "Titled Tuesday Blitz January 17 Late 2023"]
[White "Olafsson, Helgi"]
[Black "Benmesbah, Natacha"]
[WhiteFideId "2300010"]
[BlackFideId "642002"]
[WhiteElo "2491"]
[BlackElo "2261"]
[Result "1-0"]
[Round "03"]
[TimeControl "180+2"]
[Date "2023.01.17"]
[WhiteClock "0:00:24"]
[BlackClock "0:00:08"]

1. c4 d6 2. d4 e5 3. Nc3 exd4 4. Qxd4 Nc6 5. Qe3+ Be6 6. b3 Be7 7. Bb2 Nf6 8. Rd1 Nb4 9. Qc1 Bf5 10. Rd2 O-O 11. f3 c6 12. a3 Na6 13. Qd1 Qb6 14. e4 Be6 15. Nge2 d5 16. cxd5 cxd5 17. exd5 Bf5 18. d6 Bd8 19. Na4 Qe3 20. Bd4 Qe6 21. Bf2 b5 22. Nc3 Bb6 23. Nxb5 Nc5 24. Nd4 Qe5 25. b4 Nd3+ 26. Rxd3 Bxd3 27. Qxd3 Qxd6 28. g3 Rfe8 29. Bg2 Rad8 30. O-O Rxe2 31. Qxe2 Bxd4 32. Re1 Bxf2+ 33. Qxf2 Kf8 34. Qxa7 Qd2 35. Qf2 Qc3 36. Qc5+ Qxc5+ 37. bxc5 Rc8 38. Rc1 Nd5 39. f4 Ne3 40. Bb7 Rc7 41. c6 f5 42. a4 Nd5 43. a5 Nb4 44. a6 1-0


[Site "https://www.chess.com"]

[Event "Titled Tuesday Blitz January 17 Late 2023"]
[White "rikchessmx"]
[Black "Omelja, Artem"]
[BlackFideId "14119846"]
[WhiteElo "2289"]
[BlackElo "2446"]
[Result "0-1"]
[Round "03"]
[TimeControl "180+2"]
[Date "2023.01.17"]
[WhiteClock "0:00:51"]
[BlackClock "0:00:56"]

1. e4 a5 2. Nf3 a4 3. a3 h5 4. Bc4 c6 5. Nc3 b5 6. Ba2 e6 7. d4 d5 8. O-O Be7 9. Bf4 Nf6 10. Qe2 O-O 11. Rfe1 Bb7 12. e5 Nh7 13. Rad1 Nd7 14. h3 Re8 15. Nh2 g6 16. Bb1 b4 17. axb4 a3 18. bxa3 Rxa3 19. Bd2 Bxb4 20. Na2 Bxd2 21. Qxd2 c5 22. c3 cxd4 23. cxd4 Qa5 24. Qh6 Ndf8 25. Nc1 Ba6 26. g4 Rxh3 27. Kg2 hxg4 28. Qf4 Rb8 29. Nxg4 Rh5 30. Bd3 Bxd3 31. Nxd3 Qd8 32. Rh1 Qg5 33. Rxh5 gxh5 34. Qxg5+ Nxg5 35. Nf6+ Kg7 36. Nxh5+ Kg6 37. Ndf4+ Kf5 38. Ne2 Rb2 39. Nhg3+ Kg4 40. Rh1 Ng6 41. Ng1 Nh4+ 42. Kf1 Ngf3 43. Nxf3 Kxf3 44. Ke1 Rb1+ 45. Kd2 Rxh1 46. Nxh1 Nf5 47. Kd3 Kg2 48. Ng3 Nxg3 49. fxg3 Kxg3 50. Ke3 Kg4 0-1


[Site "https://www.chess.com"]

[Event "Titled Tuesday Blitz January 17 Late 2023"]
[White "Nefedov, Sergey"]
[Black "Romero Ruscalleda, Josep"]
[WhiteFideId "24113417"]
[BlackFideId "2231859"]
[WhiteElo "2300"]
[BlackElo "2160"]
[Result "1-0"]
[Round "03"]
[TimeControl "180+2"]
[Date "2023.01.17"]
[WhiteClock "0:00:06"]
[BlackClock "0:00:01"]

1. d4 g6 2. Nf3 Bg7 3. c4 d6 4. Nc3 Nc6 5. d5 Nb8 6. e4 Nf6 7. Be2 O-O 8. O-O e6 9. Bg5 h6 10. Be3 Kh7 11. h3 Re8 12. Re1 b6 13. Qd2 Ba6 14. Rad1 Nbd7 15. b4 exd5 16. exd5 Ne4 17. Nxe4 Rxe4 18. Bd3 Re8 19. Bd4 Ne5 20. Nxe5 dxe5 21. Bc3 Bb7 22. Qb2 Qg5 23. Re3 Rad8 24. Rde1 c6 25. Bxe5 Bxe5 26. Rxe5 Rxe5 27. Qxe5 cxd5 28. Qxg5 hxg5 29. Re7 dxc4 30. Bxc4 Bd5 31. Bxd5 Rxd5 32. Rxf7+ Kh6 33. Rxa7 Rd4 34. a3 Rd1+ 35. Kh2 Rd3 36. f3 Rb3 37. Kg3 Rc3 38. b5 Rb3 39. a4 Rb4 40. a5 Rxb5 41. a6 Ra5 42. Ra8 b5 43. a7 Kg7 44. Kg4 b4 45. Rb8 Rxa7 46. Kxg5 Ra2 47. g4 Ra5+ 48. Kh4 Kh6 49. Rxb4 Ra3 50. Kg3 g5 51. Rb6+ Kg7 52. Rb7+ Kg6 53. Rb8 Kg7 54. Rb5 Kg6 55. Rf5 Rb3 56. Rd5 Ra3 57. Rd1 Rb3 58. Rh1 Ra3 59. h4 gxh4+ 60. Rxh4 Kg5 61. Rh5+ Kg6 62. Rd5 Rb3 63. Kf4 Ra3 64. Rd6+ Kg7 65. g5 Rb3 66. Kg4 Rb1 67. f4 Rb5 68. Kh5 Rb1 69. Rd7+ Kf8 70. f5 Rf1 71. f6 Rf2 72. Kg6 Ke8 73. Rh7 Rg2 74. Rh8+ Kd7 75. f7 Rf2 76. f8=Q 1-0


[Site "https://www.chess.com"]

[Event "Titled Tuesday Blitz January 17 Late 2023"]
[White "Grot, Blazej"]
[Black "Tomb, Maroun"]
[WhiteFideId "21835845"]
[BlackFideId "5300398"]
[WhiteElo "1990"]
[BlackElo "2090"]
[Result "0-1"]
[Round "03"]
[TimeControl "180+2"]
[Date "2023.01.17"]
[WhiteClock "0:00:08"]
[BlackClock "0:00:20"]

1. e4 d6 2. d4 Nf6 3. Nc3 e5 4. Nf3 Nbd7 5. Bc4 Be7 6. Bxf7+ Kxf7 7. Ng5+ Kg8 8. Ne6 Qe8 9. Nxc7 Qg6 10. Nxa8 Qxg2 11. Rf1 exd4 12. Qxd4 Ne5 13. Qe3 Nf3+ 14. Ke2 Bg4 15. Qxa7 Nxh2+ 16. Ke3 Qxf1 17. Bd2 Qxa1 18. Qb8+ Bf8 19. e5 dxe5 20. Ne4 Nxe4 21. Bb4 Kf7 22. Qxb7+ Kf6 23. Qc6+ Be6 24. Nc7 Ng5 25. Nd5+ Kf7 26. Qb7+ Kg6 27. Qc6 Bxb4 28. Nxb4 Qc1+ 29. Kd3 Qd1+ 30. Kc3 Qd4# 0-1


[Site "https://www.chess.com"]

[Event "Titled Tuesday Blitz January 17 Late 2023"]
[White "Slavin, Alexey"]
[Black "Golubev, Mikhail"]
[WhiteFideId "24104388"]
[BlackFideId "14100983"]
[WhiteElo "2364"]
[BlackElo "2461"]
[Result "0-1"]
[Round "03"]
[TimeControl "180+2"]
[Date "2023.01.17"]
[WhiteClock "0:00:07"]
[BlackClock "0:00:04"]

1. e4 c5 2. g3 d5 3. exd5 Qxd5 4. Qf3 Qd7 5. Nc3 Nf6 6. d3 Nc6 7. Bg2 e6 8. a3 Be7 9. Bd2 Nd4 10. Qd1 O-O 11. Nf3 Rb8 12. O-O b6 13. Nxd4 cxd4 14. Ne4 Nxe4 15. dxe4 Ba6 16. Re1 Rbc8 17. Bb4 Rfd8 18. e5 Bb7 19. Bxb7 Qxb7 20. Qd3 Bc5 21. Rad1 a5 22. Bd2 a4 23. Bg5 Rd5 24. Re4 b5 25. Rh4 h6 26. Bxh6 gxh6 27. Rxh6 Kf8 28. Qf3 Ke8 29. Rh8+ Bf8 30. Qf6 Rxc2 31. Qh6 Qe7 32. Qh7 Rxb2 33. Rc1 d3 34. Rc8+ Kd7 35. Rhxf8 d2 36. Rxf7 d1=Q+ 37. Kg2 Rxf2+ 38. Kxf2 Rd2+ 39. Ke3 Qe2+ 40. Kf4 Qf2+ 41. Kg4 Qfxf7 42. Qxf7 Qxf7 43. Ra8 Qf5+ 44. Kh4 Rxh2# 0-1


[Site "https://www.chess.com"]

[Event "Titled Tuesday Blitz January 17 Late 2023"]
[White "MitzyCaballero"]
[Black "Kokoszczynski, Jan"]
[BlackFideId "1174460"]
[WhiteElo "2313"]
[BlackElo "2247"]
[Result "0-1"]
[Round "03"]
[TimeControl "180+2"]
[Date "2023.01.17"]
[WhiteClock "0:00:14"]
[BlackClock "0:00:13"]

1. d4 Nf6 2. Nf3 g6 3. c4 Bg7 4. g3 O-O 5. Bg2 d6 6. O-O Nbd7 7. Nc3 e5 8. e4 exd4 9. Nxd4 Re8 10. Re1 Nc5 11. h3 h6 12. b3 Bd7 13. Bb2 Qc8 14. Kh2 a5 15. Qd2 a4 16. b4 a3 17. Bc1 Ne6 18. Ndb5 Bc6 19. Bxa3 h5 20. Bb2 h4 21. Nd5 Bxd5 22. exd5 Nf8 23. Rxe8 Nxe8 24. Bxg7 Nxg7 25. Re1 hxg3+ 26. fxg3 Qd7 27. h4 Qg4 28. Bh3 Qxc4 29. Qe2 Rxa2 30. Bg2 Rxe2 31. Rxe2 Qxe2 32. Nxc7 Nf5 0-1


[Site "https://www.chess.com"]

[Event "Titled Tuesday Blitz January 17 Late 2023"]
[White "Guo, Josh"]
[Black "Kozin, Yuri"]
[WhiteFideId "2682427"]
[BlackFideId "4129920"]
[WhiteElo "2112"]
[BlackElo "2251"]
[Result "1-0"]
[Round "03"]
[TimeControl "180+2"]
[Date "2023.01.17"]
[WhiteClock "0:00:09"]
[BlackClock "0:00:12"]

1. e4 c5 2. Nf3 e6 3. d4 cxd4 4. Nxd4 a6 5. Nc3 Qc7 6. Bd3 Nc6 7. Nxc6 dxc6 8. f4 e5 9. O-O Nf6 10. fxe5 Ng4 11. Qf3 Nxe5 12. Qg3 Bc5+ 13. Kh1 O-O 14. Bf4 Bd6 15. Ne2 Be6 16. Nd4 Rfe8 17. Nf5 Bxf5 18. exf5 f6 19. Rad1 Rad8 20. h3 b5 21. a4 Kh8 22. axb5 axb5 23. Be4 Nc4 24. Bxd6 Nxd6 25. Bd3 Re5 26. Rfe1 Nf7 27. Bf1 Rde8 28. Rxe5 Nxe5 29. Be2 h6 30. Rd4 Qc8 31. Bd3 Qc7 32. c3 Qf7 33. Be4 Qa2 34. Kh2 Qxb2 35. Rd6 c5 36. Re6 Rf8 37. Re7 Rg8 38. Bd5 g5 39. Bxg8 Kxg8 40. Qe3 Qa3 41. Rxe5 fxe5 42. Qxe5 b4 43. Qe6+ Kg7 44. Qg6+ Kf8 45. Qxh6+ Ke8 46. Qe6+ Kd8 47. f6 bxc3 48. Qe7+ Kc8 49. f7 1-0


[Site "https://www.chess.com"]

[Event "Titled Tuesday Blitz January 17 Late 2023"]
[White "Mesa Cruz, Juan Carlos"]
[Black "Gavilan Diaz, Mario"]
[WhiteFideId "6423400"]
[BlackFideId "2260905"]
[WhiteElo "2122"]
[BlackElo "2271"]
[Result "1-0"]
[Round "03"]
[TimeControl "180+2"]
[Date "2023.01.17"]
[WhiteClock "0:00:04"]
[BlackClock "0:00:09"]

1. e4 e6 2. Qe2 c5 3. Nf3 Nc6 4. g3 g6 5. Bg2 Bg7 6. O-O Nge7 7. c3 O-O 8. Re1 Rb8 9. Na3 d5 10. e5 b5 11. Nxb5 Ba6 12. a4 Qa5 13. Ra3 Bxb5 14. axb5 Qxb5 15. d3 h6 16. h4 Rfd8 17. Qc2 d4 18. cxd4 Nxd4 19. Nxd4 Rxd4 20. Be3 Rd7 21. Qxc5 Qxb2 22. Rxa7 Rxa7 23. Qxa7 Nf5 24. Bc5 Bxe5 25. h5 gxh5 26. Bh3 Nd4 27. Bg2 h4 28. Rxe5 Rc8 29. Bxd4 Qc1+ 30. Kh2 hxg3+ 31. fxg3 Qd2 32. Re4 Rc2 33. Rg4+ Kh7 34. Rg7+ Kh8 35. Qa8+ Rc8 36. Qxc8# 1-0


[Site "https://www.chess.com"]

[Event "Titled Tuesday Blitz January 17 Late 2023"]
[White "Coelho, Ramyres Santana"]
[Black "Womacka, Mathias"]
[WhiteFideId "2120690"]
[BlackFideId "4611390"]
[WhiteElo "1981"]
[BlackElo "2396"]
[Result "0-1"]
[Round "03"]
[TimeControl "180+2"]
[Date "2023.01.17"]
[WhiteClock "0:00:05"]
[BlackClock "0:00:01"]

1. e4 c5 2. Nf3 d6 3. d4 cxd4 4. Nxd4 Nf6 5. Nc3 a6 6. f3 e5 7. Nb3 Be7 8. Be3 Be6 9. Qd2 O-O 10. O-O-O Nbd7 11. g4 b5 12. g5 Nh5 13. Nd5 Bxd5 14. exd5 f6 15. h4 fxg5 16. hxg5 Rxf3 17. Rxh5 Rxe3 18. Qxe3 g6 19. Bh3 gxh5 20. Be6+ Kg7 21. Rg1 Nf8 22. g6 hxg6 23. Qg3 Bh4 24. Qg2 Qf6 25. Kb1 Nxe6 26. dxe6 Re8 27. Qb7+ Re7 28. Qxa6 Qxe6 29. Qxb5 Rf7 30. a4 Bf2 31. Rd1 e4 32. Qc6 e3 33. Rxd6 Qf5 34. Nd4 Qg4 35. Ne6+ Kh7 36. Qe8 Qf5 37. Rd8 Qf6 38. Qg8+ Kh6 39. Qe8 e2 40. Nf8 e1=Q+ 41. Ka2 Qxe8 42. Rxe8 Rxf8 43. Re3 Bxe3 44. b3 Bd4 45. Ka3 Bc3 46. Ka2 Qf1 47. Ka3 Qa1# 0-1


[Site "https://www.chess.com"]

[Event "Titled Tuesday Blitz January 17 Late 2023"]
[White "Van Dael, Siem"]
[Black "Suvorov, Luca"]
[WhiteFideId "1049771"]
[BlackFideId "12977071"]
[WhiteElo "2319"]
[BlackElo "2310"]
[Result "0-1"]
[Round "03"]
[TimeControl "180+2"]
[Date "2023.01.17"]
[WhiteClock "0:00:05"]
[BlackClock "0:00:09"]

1. e4 b6 2. d4 Bb7 3. Bd3 e6 4. c4 e5 5. d5 Bb4+ 6. Bd2 Bxd2+ 7. Nxd2 d6 8. Qg4 Kf8 9. h4 Nd7 10. h5 h6 11. Qe2 a5 12. Ngf3 Nc5 13. Nb3 Nf6 14. Nxc5 bxc5 15. Nh4 Bc8 16. Nf5 Bxf5 17. exf5 Qb8 18. f3 Qb4+ 19. Qd2 Ke7 20. a3 Qb3 21. Qc2 Rhb8 22. O-O-O Nh7 23. Qxb3 Rxb3 24. Bc2 Rb6 25. Ba4 Kf6 26. Rhf1 Ng5 27. g4 Rab8 28. Bb5 Rxb5 29. cxb5 Rxb5 30. f4 Ne4 31. Rde1 Ng3 32. Rf3 exf4 33. Rxf4 Rb3 34. Ra4 Rd3 35. Rxa5 Rxd5 36. Ra7 Rd4 37. Rxc7 Rxg4 38. Ree7 Nxf5 39. Rxf7+ Ke5 40. Ra7 c4 41. Kb1 Rh4 42. Ra5+ d5 43. Rd7 Rh1+ 44. Ka2 Ne3 45. Rxg7 Nc2 46. b4 Rh2 47. Kb1 c3 48. Rc5 Kd4 49. Rg4+ Kd3 50. Rxd5+ Ke3 51. Rg3+ Ke4 52. Rxc3 Nxa3+ 53. Rxa3 Kxd5 54. Rc3 Kd4 55. Rc5 Rh1+ 56. Kb2 Rh3 57. Kc2 Rg3 58. Rc6 Rh3 59. Rxh6 Kc4 60. Kd2 Kxb4 61. Ke2 Kc4 62. Kf2 Kd5 63. Kg2 Rh4 64. Kg3 Rh1 65. Kg4 Ke5 66. Rh8 Rg1+ 67. Kh4 Kf5 68. Rf8+ Ke6 69. h6 Ke7 70. Rf4 Rh1+ 71. Kg5 Rg1+ 72. Kh5 Rh1+ 73. Kg6 Rg1+ 74. Kh7 Rh1 75. Rf5 Ke6 76. Rf8 Ke7 77. Rf2 Ke6 78. Kg7 Rg1+ 79. Kf8 Rh1 80. Kg7 Rg1+ 81. Kh8 Rh1 82. h7 Ke7 83. Rf5 Ke8 84. Rg5 Kf7 85. Rf5+ Kg6 86. Rd5 Rxh7+ 87. Kg8 Rb7 88. Rd6+ Kf5 89. Kf8 Ke5 90. Rd8 Rh7 91. Ke8 Ke6 0-1


[Site "https://www.chess.com"]